 Dungeon Crawl Stone Soup version 0.31-a0-176-g91f28db67f (webtiles) character file.

Game seed: 14553448567442101169

11 qw the Shooter (level 2, 0/26 HPs)
             Began as a Naga Hunter on June 17, 2023.
             Slain by a giant cockroach (1 damage)
             ... on level 1 of the Dungeon.
             The game lasted 00:00:02 (29 turns).

qw the Shooter (Naga Hunter)                          Turns: 29, Time: 00:00:03

Health: 0/26       AC:  2    Str: 13    XL:     2   Next: 25%
Magic:  2/2        EV:  9    Int:  9    God:
Gold:   0          SH:  0    Dex: 14    Spells: 1/1 levels left

rFire   . . .        a - +0 shortbow
rCold   . . .        (shield currently unavailable)
rNeg    . . .        c - +0 leather armour
rPois   +            (no helmet)
rElec   .            (no cloak)
rCorr   .            (no gloves)
SInv    +            (no barding)
Will    .....        (no amulet)
Stlth   ++           (no ring)
HPRegen 0.24/turn    (no ring)
MPRegen 0.08/turn

%: no passive effects
@: short of breath, very slow
A: AC +0, large, see invisible, deformed body, poison resistance, slowness 2,
spit poison 1, naga tail 1
a: Spit Poison


You were on level 1 of the Dungeon.
You visited 1 branch of the dungeon, and saw 1 of its levels.


Innate Abilities, Weirdness & Mutations

Your serpentine skin is tough. (AC +0)
You have supernaturally acute eyesight. (SInv)
Armour fits poorly on your strangely shaped body.
Your system is resistant to poisons. (rPois)
You cover ground very slowly.
You can spit poison.
You have a snake-like lower body.


   Skills:
 - Level 2.0 Fighting
 + Level 4.1 Ranged Weapons
 - Level 1.5 Dodging
 - Level 1.5 Stealth


You had one spell level left.
You didn't know any spells.
Your spell library was empty.

Inventory:

Hand Weapons
 a - a +0 shortbow (weapon)
Armour
 c - a +0 leather armour (worn)
Scrolls
 b - a scroll of butterflies

Dungeon Overview and Level Annotations

Branches:
Dungeon (1/15)

Altars:


Message History

The giant cockroach closely misses you.
The jackal bites you but does no damage.
You shoot an arrow. The arrow hits the jackal!
You kill the jackal!
The bat barely misses you. The jackal barely misses you.
The jackal closely misses you. The giant cockroach bites you.
The jackal closely misses you.
Your Ranged Weapons skill increases to level 4!
You have reached level 2!
You shoot an arrow. The arrow hits the jackal!
You kill the jackal!
The jackal bites you.
The giant cockroach bites you but does no damage.
The bat closely misses you. The jackal closely misses you.
The giant cockroach bites you but does no damage.
You shoot an arrow. The arrow hits the bat.
You kill the bat!
You have got your breath back.
The jackal bites you. The giant cockroach bites you.
The jackal closely misses you.
26 ||| INVOKING Spit Poison.
Aiming: Spit Poison (2% risk of failure)
Press: ? - help, Shift-Dir - straight line, f - jackal The splash of poison misses the jackal.
The giant cockroach closely misses you. The jackal bites you.
You shoot an arrow. The arrow hits the jackal!
You kill the jackal!
The giant cockroach bites you but does no damage.
A goblin comes into view. It is wielding a +0 club.
The goblin closely misses you.
The giant cockroach bites you but does no damage.
You shoot an arrow. The arrow closely misses the goblin.
The goblin shouts!
The goblin hits you with a +0 dagger.
The giant cockroach bites you but does no damage.
The goblin misses you.
You shoot an arrow. The arrow hits the goblin.
You kill the goblin!
The giant cockroach bites you. x2
You die...

.. #.# .### .# # #.
#.. .... ..#
.#.##.##.####.###..#
....................
#.[#..............
...g...........#
#...........#
#.)B.###....#
#.%@##.##...#.###
#.....%%#...#........
#...#...+.<.'..##.##.
#%......#...#..# #
#...#...##.##.....
.........###....#.#
##....... ....# #
........ ....# ......


You could see a giant cockroach and a goblin.

Vanquished Creatures
  An endoplasm (D:1)
  2 goblins (D:1)
  A hobgoblin (D:1)
  4 jackals (D:1)
  A bat (D:1)
  A frilled lizard (D:1)
10 creatures vanquished.

Notes
Turn   | Place    | Note
-------+----------+-------------------------------------------
     0 | D:1      | qw the Naga Hunter began the quest for the Orb.
     0 | D:1      | Reached XP level 1. HP: 19/19 MP: 1/1
     0 | D:1      | 0 ||| qw: Version: 0.3-a-5-g6f28e65
     0 | D:1      | 0 ||| qw: Game counter: 472
     0 | D:1      | 0 ||| qw: Always use a shield: true
     0 | D:1      | 0 ||| qw: God list: Okawaru
     0 | D:1      | 0 ||| qw: Allow faded altars: false
     0 | D:1      | 0 ||| qw: Do Orc after D:15 true
     0 | D:1      | 0 ||| qw: Do second Lair branch before Depths: true
     0 | D:1      | 0 ||| qw: Lair rune preference: random
     0 | D:1      | 0 ||| qw: Plans: Normal
     0 | D:1      | 0 ||| PLANNING D:1-11
     7 | D:1      | 7 ||| INVOKING Spit Poison.
    14 | D:1      | 14 ||| INVOKING Spit Poison.
    17 | D:1      | 17 ||| INVOKING Spit Poison.
    20 | D:1      | 20 ||| INVOKING Spit Poison.
    24 | D:1      | Reached skill level 4 in Ranged Weapons
    24 | D:1      | Reached XP level 2. HP: 10/26 MP: 2/2
    25 | D:1      | HP: 6/26 [giant cockroach (1)]
    26 | D:1      | 26 ||| INVOKING Spit Poison.
    28 | D:1      | HP: 2/26 [goblin/+0 dagger (2)]
    29 | D:1      | Slain by a giant cockroach

Levels and vault maps discovered:
D:1:      dpeg_arrival_shelter, layout_basic

Skill      XL: |  1 |
---------------+----+-----
Ranged Weapons | 4 |  4.1
Fighting       | |  2.0
Dodging        | |  1.5
Stealth        | |  1.5

Action                     || total
---------------------------++-------
   Fire: Shortbow          ||    14
Ability: Spit Poison       ||     5
 Armour: Leather armour    ||     8
  Dodge: Dodged            ||    17

Table legend:
 A = Non-vault XP
 B = Vault XP
 C = Vault XP percentage of total XP
 D = Non-vault monster count
 E = Vault monster count
 F = Vault count percentage of total count
                 A         B        C        D         E       F
            +---------+---------+-------+---------+---------+-------
      Total |      18 |       0 |   0.0 |      10 |       0 |   0.0
            +---------+---------+-------+---------+---------+-------
        D:1 |      18 |       0 |   0.0 |      10 |       0 |   0.0
            +---------+---------+-------+---------+---------+-------
